 Dungeon Crawl Stone Soup version 0.30.0-10-gfe55d96785 (webtiles) character file.

Game seed: 11979690804525484433

10 hawla the Firebug (level 2, -1/20 HPs)
             Began as a Meteoran Fire Elementalist on May 15, 2023.
             Slain by a jackal (3 damage)
             ... on level 2 of the Dungeon.
             The game lasted 00:02:57 (229 turns).

hawla the Firebug (Meteoran Fire Elementalist)       Turns: 229, Time: 00:02:57

Health: -1/20      AC:  2    Str:  9    XL:     2   Next: 47%
Magic:  1/6        EV: 12    Int: 16    God:
Gold:   38         SH:  0    Dex: 14    Spells: 3/6 levels left

rFire   . . .        (no weapon)
rCold   . . .        (no shield)
rNeg    . . .        a - +0 robe
rPois   .            (no helmet)
rElec   .            (no cloak)
rCorr   .            (no gloves)
SInv    .            (no boots)
Will    +....        (no amulet)
Stlth   +            e - ring of willpower
HPRegen 0.23/turn    (no ring)
MPRegen 0.10/turn

%: no passive effects
@: glowing
A: sense surroundings 1, otherworldly, glowing, explore regen
a: no special abilities


You were on level 2 of the Dungeon.
You visited 1 branch of the dungeon, and saw 2 of its levels.

You collected 38 gold pieces.

Inventory:

Armour
 a - a +0 robe (worn)
Jewellery
 e - a ring of willpower (left hand)
Scrolls
 d - a scroll of enchant weapon {unknown}
 f - a scroll of noise {unknown}
Potions
 c - a potion of curing


   Skills:
 + Level 2.8 Dodging
 - Level 1.4 Stealth
 + Level 2.8 Spellcasting
 + Level 1.2 Conjurations
 + Level 4.0 Fire Magic


You had 3 spell levels left.
You knew the following spells:

 Your Spells              Type           Power      Damage    Failure   Level
a - Foxfire               Conj/Fire      40%        2x1d6     6%          1
b - Scorch                Fire           30%        2d6       5%          2

Your spell library contained the following spells:

 Spells                   Type           Power      Damage    Failure   Level
 Inner Flame              Hex/Fire       8%         N/A       24%         3
 Volatile Blastmotes      Fire/Tloc      16%        2d11      24%         3
 Cigotuvi's Dreadful Rot  Necr/Pois/Air  4%         N/A       28%         2
 Ignite Poison            Fire/Tmut/Pois 6%         N/A       32%         3
 Flame Wave               Conj/Fire      10%        2d6       54%         4
 Freezing Cloud           Conj/Ice/Air   1%         6-21      99%         5


Dungeon Overview and Level Annotations

Branches:
Dungeon (2/15) Zot: 968

Altars:


Innate Abilities, Weirdness & Mutations

You passively map a small area around you.
You are easily found by Zot.
You glow in the dark.
You regain HP and MP as you explore.


Message History

You are frozen.
* * * LOW HITPOINT WARNING * * *
It was a potion of curing.
You feel better.
The jackal bites you but does no damage.
The endoplasm hits you.
You hit the endoplasm but do no damage.
The endoplasm is heavily wounded.
The jackal closely misses you.
The endoplasm hits you but does no damage.
The jackal bites you.
* * * LOW HITPOINT WARNING * * *
You hit the endoplasm but do no damage.
The endoplasm is heavily wounded.
The jackal bites you.
* * * LOW HITPOINT WARNING * * *
The endoplasm closely misses you.
You hit the endoplasm but do no damage.
The endoplasm is heavily wounded.
The jackal closely misses you.
The endoplasm hits you but does no damage.
The jackal closely misses you.
Casting: Scorch (safe; 5% risk of failure)
Confirm with . or Enter, or press ? or * to list all spells.
You don't have enough magic to cast this spell.
You hit the endoplasm.
The endoplasm is heavily wounded.
The endoplasm hits you but does no damage.
The jackal misses you.
You hit the endoplasm.
The endoplasm is severely wounded.
The jackal barely misses you. The endoplasm freezes you.
You are frozen.
* * * LOW HITPOINT WARNING * * *
You hit the endoplasm but do no damage.
The endoplasm is severely wounded.
The jackal completely misses you. The endoplasm hits you.
* * * LOW HITPOINT WARNING * * *
The jackal bites you.
You die...

* * #...# , #
##.##,#* * ,
#.##.##.# ,, ,
#.......# *
....###.#######
* ##*
##........ ,
#J..####.. ,,
#h#.# , , , ,,
#@#.# ** , *
#J#.., * , ,,
#.#...
,*#.#.... *
......## ,
#.#..## , #..
### , ,


You could see 2 endoplasms and a jackal.

Vanquished Creatures
  A worm (D:2)
  A ball python (D:1)
  2 endoplasms (D:1)
  A frilled lizard (D:1)
  3 rats
8 creatures vanquished.

Vanquished Creatures (others)
  21 foxfires
21 creatures vanquished.

Grand Total: 29 creatures vanquished

Notes
Turn   | Place    | Note
-------+----------+-------------------------------------------
     0 | D:1      | hawla the Meteoran Fire Elementalist began the quest for
                  | the Orb.
     0 | D:1      | Reached XP level 1. HP: 14/14 MP: 5/5
     3 | D:1      | Found a runed translucent door.
   135 | D:1      | Reached XP level 2. HP: 20/20 MP: 3/6
   138 | D:1      | Learned a level 2 spell: Scorch
   193 | D:2      | Reached skill level 4 in Fire Magic
   222 | D:2      | HP: 1/20 [frozen (2)]
   229 | D:2      | Slain by a jackal

Illustrated notes

Levels and vault maps discovered:
D:1:      dpeg_arrival_caged_fury, layout_basic, minmay_split_cup_small
D:2:      layout_loops_cross, serial_shops, nicolae_shop_just_a_little_nook,
          basic_altar, minmay_misc_feat_x

Skill      XL: |  1  2 |
---------------+-------+-----
Fire Magic     | 4 |  4.0
Dodging        | |  2.8
Stealth        | |  1.4
Spellcasting   | |  2.8
Conjurations   | |  1.2

Action                     || total
---------------------------++-------
  Melee: Unarmed           ||    14
   Cast: Foxfire           ||    12
         Scorch            ||     6
    Use: Potion            ||     2
 Armour: Robe              ||    12
  Dodge: Dodged            ||    19
